 Dungeon Crawl Stone Soup version 0.16-a0-2059-gf848859 (webtiles) character file.

11344 thegroundistoosoft the Fighter (level 11, -14/93 HPs)
             Began as a Mummy Monk on Nov 11, 2014.
             Demolished by a balrug
             ... wielding a +0 demon whip
              (24 damage)
             ... on level 2 of the Abyss.
             The game lasted 01:16:25 (24713 turns).

thegroundistoosoft the Fighter (Mummy Monk)        Turns: 24713, Time: 01:16:25

Health: -14/93     AC:  8    Str: 14    XL:     11   Next: 48%
Magic:  11/11      EV: 17    Int:  9    God:
Gold:   616        SH:  0    Dex: 17    Spells: 0 memorised, 10 levels left

rFire  . . .     SeeInvis .       - Unarmed
rCold  . . .     Clarity  .     (no armour)
rNeg   + + +     SustAb   .     (no shield)
rPois  +         Gourm    .     (no helmet)
rElec  .         Spirit   .     b - +2 cloak
rCorr  .         Warding  .     r - +2 pair of gloves
rMut   .         Stasis   .     g - +1 pair of boots
MR     +....                    (no amulet)
Stlth  ++........               (no ring)
                                l - ring of fire

@: slowed, very slow, somewhat resistant to hostile enchantments, unstealthy
A: no food or potions, fire vulnerability, restore body, cold resistance 1,
negative energy resistance 3, poison resistance, torment resistance, unbreathing
a: no special abilities


You were on level 2 of the Abyss.
You were not hungry.

You visited 1 branch of the dungeon, and saw 10 of its levels.
You visited the Abyss 1 time.

You collected 616 gold pieces.


Innate Abilities, Weirdness & Mutations

You do not eat or drink.
Your flesh is vulnerable to fire.
Your flesh is cold resistant.
You are immune to negative energy.
Your system is resistant to poisons.
You are immune to unholy pain and torment.
You can survive without breathing.


   Skills:
 + Level 11.2 Fighting
 - Level 7.0 Dodging
 - Level 2.0 Stealth
 - Level 11.0 Unarmed Combat


You had 10 spell levels left.
You didn't know any spells.

Inventory:

Armour
 b - a +2 cloak (worn)
 g - a +1 pair of boots (worn)
 n - a cursed +0 buckler (quivered) {eat buckler you ant-sized fist-haver}
 q - a cursed +0 buckler {ur fists so delicate}
 r - a +2 pair of gloves (worn)
 s - a +0 buckler {ur momma's fist so tiny}
Jewellery
 l - a ring of fire (left hand)
Scrolls
 a - a scroll of acquirement {unknown}
 d - 2 scrolls of enchant weapon
 e - a scroll of holy word {unknown}
 f - a scroll of recharging
 h - 4 scrolls of remove curse
 j - a scroll of noise {!r}
 m - 2 scrolls of magic mapping
 o - a scroll of immolation {!r}
Comestibles
 c - 6 slices of pizza
 i - 35 fruits
 k - 2 royal jellies

Dungeon Overview and Level Annotations

Branches:
Dungeon (10/15)            Temple (0/1) D:4
   Lair: D:8-11         Orc: D:9-12

Altars:
Fedhas
Okawaru
Qazlal
Sif Muna
The Shining One

Annotations:
D:4 exclusion: giant spore
D:8 2 exclusions, crauler's ghost, experienced TrHu
D:9 exclusion: downstairs
D:10 exclusions: door and orc, Erica; Erolcha; Urug

# # .. .# .# . #
...#....#... .. ###..
##..# ... # #.## #.#.
...# # .#.. # #...
#.##....... . ..#..##
##.#.##. ...#..
#.......#..#..##..###
#§#...t###...##
#.t####@# # ## #....
#..#2.# ...# .#
#..h## . #... ##..#
..## #.#.. # ##.#. #


You could see a balrug, an apocalypse crab and a raiju.


Message History

You feel as though you will be slow longer.
The apocalypse crab breathes chaos at you.
The blast of chaos hits you!
You easily resist.
You are engulfed in seething chaos.
You feel much better.
The apocalypse crab breathes chaos at you.
The blast of chaos misses you.
You are engulfed in seething chaos.
You feel as though you will be slow longer.
You feel horribly lethargic. The balrug completely misses you.
A balrug comes into view. It is wielding a demon whip.
Read which item? (? for menu, Esc to quit)
Okay, then.
The balrug hits you with a demon whip!
You are engulfed in flames!!
The balrug hits you with a demon whip!
You are engulfed in flames!!
* * * LOW HITPOINT WARNING * * *
Enter note: z Read which item? (? for menu, Esc to quit)
Okay, then.
The apocalypse crab misses you.
The apocalypse crab claws you but does no damage.
The balrug gestures at you. The bolt of fire misses you.
You hit the balrug. You punch the balrug.
The balrug is lightly wounded.
The apocalypse crab bites you but does no damage.
The apocalypse crab misses you. The balrug hits you with a demon whip!!
* * * LOW HITPOINT WARNING * * *
You are engulfed in flames!!
You die...

Action                   |  1- 3 |  4- 6 |  7- 9 | 10-12 || total
-------------------------+-------+-------+-------+-------++-------
Melee: Unarmed           |   171 |   337 |   641 |   794 ||  1943
  Use: Scroll            |       |     6 |     7 |     7 ||    20
 Stab: Sleeping          |     3 |     6 |     6 |     1 ||    16
       Distracted        |     1 |     2 |       |     6 ||     9

Vault maps used:
D:1:      minmay_arrival_checkered_box
D:2:      lemuel_blue_sif_altar, minmay_quantized
D:3:      minmay_fountain_box, minmay_misc_feat_square, minmay_lizard_king,
          uniq_terence, uniq_jessica
D:4:      nicolae_overflow_crystal_walls, temple_green, first_bread,
          grunt_qazlal_clouds
D:5:      minmay_misc_feat_x
D:6:      tso_altar, fedhas_altar_4, uniq_grinder
D:7:      old_forge, grunt_ministairs_5, uniq_eustachio
D:10:     erik_orc_2, serial_ice, serial_ice_l, serial_ice_o, serial_ice_f,
          serial_ice_e, serial_ice_d, hangedman_tree_tricks,
          okawaru_metal_pillars_3, uniq_joseph, uniq_erolcha, uniq_erica,
          uniq_urug

Notes
Turn   | Place    | Note
--------------------------------------------------------------
     0 | D:1      | thegroundistoosoft, the Mummy Monk, began the quest for the Orb.
     0 | D:1      | Reached XP level 1. HP: 18/18 MP: 1/1
   348 | D:1      | Reached XP level 2. HP: 9/24 MP: 2/2
   609 | D:1      | moscheto: que mal
   673 | D:1      | moscheto: teño isto aberto mentres miro outras cousas tamen e perdome todo
   679 | D:1      | moscheto: D:
   679 | D:1      | thegroundistoosoft: D:
   679 | D:1      | thegroundistoosoft: eso é normal :D
  1119 | D:2      | Reached skill level 2 in Stealth
  1119 | D:2      | Reached XP level 3. HP: 14/29 MP: 3/3
  1695 | D:2      | Found a deep blue altar of Sif Muna.
  2110 | D:2      | Reached skill level 4 in Unarmed Combat
  2344 | D:3      | Reached XP level 4. HP: 28/35 MP: 4/4
  2423 | D:3      | Noticed Jessica
  2459 | D:3      | Killed Jessica
  3124 | D:3      | Noticed Terence
  3154 | D:3      | Reached XP level 5. HP: 38/41 MP: 5/5
  3553 | D:3      | Killed Terence
  3553 | D:3      | Reached skill level 5 in Unarmed Combat
  3605 | D:4      | Found a stormy altar of Qazlal.
  4314 | D:4      | Found a stormy altar of Qazlal.
  4355 | D:4      | Reached XP level 6. HP: 16/47 MP: 6/6
  4890 | D:4      | Reached skill level 6 in Unarmed Combat
  4956 | D:4      | Found a staircase to the Ecumenical Temple.
  5301 | D:5      | Entered Level 5 of the Dungeon
  6483 | D:5      | Reached XP level 7. HP: 45/52 MP: 7/7
  6632 | D:6      | Reached skill level 7 in Unarmed Combat
  7343 | D:6      | Noticed Grinder
  7749 | D:6      | Found a blossoming altar of Fedhas.
  7864 | D:6      | Found a glowing golden altar of the Shining One.
  7963 | D:6      | Reached skill level 8 in Unarmed Combat
  8264 | D:6      | Reached skill level 3 in Dodging
  8381 | D:6      | Paralysed by Grinder for 3 turns
  8635 | D:6      | Killed Grinder
  8635 | D:6      | Reached skill level 4 in Dodging
  8635 | D:6      | Reached XP level 8. HP: 49/58 MP: 8/8
  8953 | D:7      | moscheto: grinder pls
  9080 | D:7      | Reached skill level 4 in Fighting
  9081 | D:7      | acquire quality
  9469 | D:7      | Reached skill level 5 in Fighting
  9785 | D:7      | Reached skill level 6 in Fighting
 10050 | D:7      | Reached XP level 9. HP: 54/71 MP: 9/9
 10187 | D:7      | Reached skill level 7 in Fighting
 10889 | D:7      | Reached skill level 8 in Fighting
 11027 | D:7      | Noticed Eustachio
 11170 | D:7      | Killed Eustachio
 11673 | D:8      | Reached skill level 9 in Unarmed Combat
 12382 | D:8      | maybe later
 13032 | D:7      | why
 13173 | D:7      | Reached skill level 10 in Unarmed Combat
 13568 | D:8      | Noticed crauler's ghost (experienced TrHu)
 13595 | D:8      | moscheto: putas moscas follandome na orella ew
 13595 | D:8      | thegroundistoosoft: eugh
 14040 | D:7      | Reached XP level 10. HP: 80/80 MP: 10/10
 14209 | D:7      | man who the fuck splats a trhu
 15031 | D:8      | Reached skill level 5 in Dodging
 15250 | D:8      | kitted2kill
 15583 | D:9      | moscheto: n33d more 4c
 15594 | D:9      | thegroundistoosoft: but ac 4fags
 15711 | D:9      | moscheto: \0/
 15711 | D:9      | thegroundistoosoft: cant fink of joke
 15711 | D:9      | thegroundistoosoft: :<
 15748 | D:9      | moscheto: ur momma's fists so tiny xa tiña chiste de por si
 15754 | D:9      | thegroundistoosoft: ::9
 15902 | D:9      | Reached skill level 6 in Dodging
 16137 | D:9      | moscheto: teño que deixar de apostar sempre polo que menos apostas teña
 16137 | D:9      | moscheto: porque sempre perdo
 16143 | D:9      | moscheto: si ghano ghano 3405345 cousas pero non vou ghanar nunca se siiigho asi
 16147 | D:9      | moscheto: lol
 17023 | D:9      | Reached skill level 7 in Dodging
 17471 | D:9      | moscheto: fagtom blinks away from stronk fists
 17618 | D:9      | thegroundistoosoft: shuolda blinked harder
 17619 | D:10     | Entered Level 10 of the Dungeon
 17669 | D:10     | Reached skill level 9 in Fighting
 17928 | D:10     | Found an iron altar of Okawaru.
 17936 | D:10     | Noticed Urug
 17942 | D:10     | moscheto: mon visage quand no more lichees or sultanas :<
 17950 | D:10     | moscheto: only fruits
 17966 | D:10     | thegroundistoosoft: :<
 17966 | D:10     | thegroundistoosoft: rip fun
 18153 | D:10     | Noticed Joseph
 18181 | D:10     | chugging op from pls nerf
 18181 | D:10     | moscheto: RNGSATAN
 18412 | D:10     | Killed Joseph
 18414 | D:10     | all estus-chugging scum will be obliterated
 18707 | D:9      | thegroundistoosoft: fuck
 18743 | D:9      | moscheto: t- a scroll of teleportation
 19484 | D:10     | Noticed Erolcha
 20092 | D:10     | Reached XP level 11. HP: 79/90 MP: 11/11
 20097 | D:10     | Found a blossoming altar of Fedhas.
 20750 | D:10     | Noticed Erica
 21045 | D:9      | Reached skill level 11 in Unarmed Combat
 21380 | D:10     | Reached skill level 10 in Fighting
 21939 | D:10     | HP: 7/92 [steam dragon (3)]
 23232 | D:10     | Cast into the Abyss (Erolcha)
 23233 | Abyss:1  | thanks
 23293 | Abyss:1  | Noticed a tentacled starspawn
 23346 | Abyss:1  | Noticed a thrashing horror
 23457 | Abyss:1  | Noticed a tentacled starspawn
 23491 | Abyss:1  | Reached skill level 11 in Fighting
 23939 | Abyss:1  | moscheto: wot
 24629 | Abyss:1  | Noticed a brown very ugly thing
 24711 | Abyss:2  | Noticed a balrug
 24712 | Abyss:2  | z
 24713 | Abyss:2  | Demolished by a balrug

Vanquished Creatures
  A rust devil (Abyss:1)
  Joseph (D:10)
  An orange demon (Abyss:1)
  A troll (D:10)
  4 wandering mushrooms (D:10)
  Grinder (D:6)
  A deep elf mage (D:9)
  2 wyverns
  A shadow (D:9)
  A hill giant zombie (D:8)
  Eustachio (D:7)
  A steam dragon (D:10)
  2 wolves (D:10)
  A hungry ghost (D:7)
  A hill giant skeleton (D:8)
  3 hippogriffs
  3 orc warriors
  An eye of draining (D:10)
  A water moccasin (D:9)
  A neqoxec (Abyss:1)
  2 black bears (D:7)
  A sky beast (D:10)
  8 ice beasts
  2 phantoms
  A yellow wasp (D:7)
  7 ogres
  A crocodile (D:7)
  2 necrophages
  6 centaurs
  6 giant frogs
  7 scorpions
  6 killer bees (D:9)
  2 oklob saplings (D:10)
  A troll zombie (D:9)
  A hippogriff skeleton (D:6)
  A troll skeleton (D:7)
  2 electric eels (D:10)
  14 wights
  5 crimson imps
  A goliath beetle (D:9)
  5 hounds
  5 iguanas
  13 orc priests
  A giant frog skeleton (D:6)
  A gnoll shaman (D:7)
  10 jellies
  7 orc wizards
  5 worker ants
  A crocodile skeleton (D:8)
  Jessica (D:3)
  Terence (D:3)
  3 mummies
  11 adders
  3 gnolls (D:7)
  An orc skeleton (D:5)
  A sky beast simulacrum (D:10)
  An orc zombie (D:6)
  4 shadow imps
  4 giant mites
  6 worms
  2 ufetubi (D:10)
  8 giant geckos
  3 oozes
  51 orcs
  15 bats
  4 bat zombies
  3 giant cockroaches
  15 goblins
  18 hobgoblins
  5 jackals
  14 kobolds
  5 quokkas
  3 ball pythons
  A giant gecko skeleton (D:9)
  A giant gecko zombie (D:7)
  12 giant newts
  A hobgoblin zombie (D:7)
  13 rats
  10 ballistomycetes (D:10)
  2 fungi (D:7)
375 creatures vanquished.

Vanquished Creatures (others)
  A sixfirhy (Abyss:1)
  A water elemental (Abyss:1)
  A large abomination (Abyss:1)
  A bat skeleton (D:4)
  7 giant spores
  3 fungi (D:7)
  4 starspawn tentacles (Abyss:1)
18 creatures vanquished.

Grand Total: 393 creatures vanquished
